 Dungeon Crawl Stone Soup version 0.24.0-123-gd5b16e6ec5 (webtiles) character file.

Game seed: 10528729186817345194, levelgen mode: deterministic

192 Legadrian the Insei (level 6, -1/43 HPs)
             Began as a Human Transmuter on Feb 12, 2020.
             Slain by an ogre
             ... wielding a +0 giant spiked club
              (22 damage)
             ... on level 3 of the Dungeon.
             The game lasted 00:14:22 (3957 turns).

Legadrian the Insei (Human Transmuter)              Turns: 3957, Time: 00:14:23

Health: -1/43      AC:  4    Str: 13    XL:     6   Next: 2%
Magic:  9/9        EV: 12    Int: 15    God:
Gold:   138        SH:  0    Dex: 14    Spells: 6/9 levels left

rFire    . . .     SeeInvis .     - Unarmed
rCold    . . .     Gourm    .   (no shield)
rNeg     . . .     Faith    .   b - +1 robe
rPois    .         Spirit   .   (no helmet)
rElec    .         Reflect  .   g - +0 cloak
rCorr    .         Harm     .   (no gloves)
MR       .....                  (no boots)
Stlth    ++........             (no amulet)
HPRegen  0.14/turn              r - ring of stealth
MPRegen  0.11/turn              j - +3 ring of strength

@: appendage (expiring)
A: horns 2
a: End Transformation


You were on level 3 of the Dungeon.
You were not hungry.
You had grown temporary horns.
You visited 1 branch of the dungeon, and saw 3 of its levels.

You collected 138 gold pieces.

Inventory:

Missiles
 a - 81 arrows
 e - 107 stones
 h - 2 throwing nets
 l - 18 poisoned darts (quivered)
Armour
 b - a +1 robe (worn)
 g - a +0 cloak (worn)
Jewellery
 c - an uncursed ring of ice
 j - a +3 ring of strength (right hand)
 r - a ring of stealth (left hand)
Wands
 i - a wand of flame (18)
Scrolls
 n - 2 scrolls of identify
Potions
 f - a potion of magic
Comestibles
 d - 6 rations
 k - 4 chunks of flesh


   Skills:
 * Level 1.5 Fighting
 - Level 0.2 Throwing
 - Level 2.0 Dodging
 - Level 0.5 Stealth
 + Level 5.9 Unarmed Combat
 - Level 2.0 Spellcasting
 - Level 2.0 Transmutations


You had 6 spell levels left.
You knew the following spells:

 Your Spells              Type           Power        Failure   Level  Hunger
a - Beastly Appendage     Tmut           #.....       10%         1    #......
b - Sticks to Snakes      Tmut           #.......     14%         2    ###....

Your spell library contained the following spells:

 Spells                   Type           Power        Failure   Level  Hunger
 Magic Dart               Conj           #...         22%         1    #......
 Blink                    Tloc           N/A          32%         2    ###....
 Call Imp                 Summ           #.......     32%         2    ###....
 Slow                     Hex            #.......     32%         2    ###....
 Spider Form              Tmut/Pois      #.........   41%         3    ###....
 Conjure Flame            Conj/Fire      #.......     54%         3    ###....
 Mephitic Cloud           Conj/Pois/Air  #.......     54%         3    ###....
 Ice Form                 Ice/Tmut       #.......     82%         4    #####..
 Blade Hands              Tmut           #.........   95%         5    ######.


Dungeon Overview and Level Annotations

Branches:
Dungeon (3/15)

Altars:
Dithmenos
Gozag
Vehumet


Innate Abilities, Weirdness & Mutations

You have a pair of horns on your head.


Message History

You closely miss the leopard gecko.
The leopard gecko is severely wounded.
Your transformation is almost over.
The leopard gecko closely misses you.
You hit the leopard gecko but do no damage.
Your headbutt misses the leopard gecko.
The leopard gecko is severely wounded.
The orc priest mumbles some strange prayers to Beogh against you.
Beogh smites you! The leopard gecko barely misses you.
You hit the leopard gecko.
You kill the leopard gecko!
You closely miss the ogre. The ogre barely misses you.
You hit the ogre but do no damage. You barely miss the ogre.
The ogre closely misses you.
An orc priest comes into view. It is wielding a +0 flail.
You barely miss the ogre.
The orc priest shouts!
The ogre hits you with a +0 giant spiked club!!
Ouch! That really hurt!
You die...

....################
................<..#
...)#...############
.........##
###.......########
#..............# ###
#.......######.# ..
##..#.#.# #.# .#
##(._..#
#@####.######
#######.###
#.Oooo.o....#
........#
######.##....
######### .# . .# .#
.. ##


You could see an ogre, 2 orc priests and 2 orcs.

Vanquished Creatures
  A water moccasin skeleton (D:3)
  Jessica (D:2)
  Terence (D:2)
  2 adders (D:2)
  2 worms
  2 dart slugs (D:1)
  5 leopard geckos
  3 orcs (D:3)
  8 giant cockroaches
  9 goblins
  5 hobgoblins
  6 jackals
  4 quokkas
  6 bats
  3 frilled lizards
  5 kobolds
  4 rats
67 creatures vanquished.

Notes
Turn   | Place    | Note
-------+----------+-------------------------------------------
     0 | D:1      | Legadrian the Human Transmuter began the quest for the Orb.
     0 | D:1      | Reached XP level 1. HP: 15/15 MP: 3/3
   197 | D:1      | Reached XP level 2. HP: 20/21 MP: 5/5
   213 | D:1      | Learned a level 2 spell: Sticks to Snakes
   554 | D:1      | Reached XP level 3. HP: 21/26 MP: 3/6
   570 | D:1      | Reached skill level 4 in Unarmed Combat
  1125 | D:2      | Found a radiant altar of Vehumet.
  1603 | D:2      | Noticed Jessica
  1657 | D:2      | Killed Jessica
  1657 | D:2      | Reached XP level 4. HP: 11/32 MP: 4/7
  1895 | D:2      | Noticed Terence
  1932 | D:2      | Reached skill level 5 in Unarmed Combat
  2187 | D:2      | Killed Terence
  2187 | D:2      | Reached XP level 5. HP: 23/37 MP: 4/8
  2334 | D:2      | Found a radiant altar of Vehumet.
  2700 | D:2      | Found a shadowy altar of Dithmenos.
  3571 | D:3      | Reached XP level 6. HP: 37/43 MP: 9/9
  3617 | D:3      | Found an opulent altar of Gozag.
  3940 | D:3      | Noticed an ogre
  3957 | D:3      | Slain by an ogre

Levels and vault maps discovered:
D:1:      nicolae_arrival_somewhat_less_tricky_arrival, layout_loops_cross,
          minmay_misc_feat_rows
D:2:      layout_basic, lemuel_coloured_pillars_altar, vehumet_crystals,
          kennysheep_flooded_box, uniq_terence, uniq_jessica
D:3:      layout_loops_ring, lemuel_crystal_altar, gammafunk_ghost_smash

Skill      XL: |  1  2  3  4 |
---------------+-------------+-----
Unarmed Combat | 4 5 |  5.9
Fighting       | |  1.5
Throwing       | |  0.2
Dodging        | |  2.0
Stealth        | |  0.5
Spellcasting   | |  2.0
Transmutations | |  2.0

Action                   |  1- 3 |  4- 6 || total
-------------------------+-------+-------++-------
Melee: Unarmed           |   118 |   168 ||   286
       Punch             |     2 |     2 ||     4
       Kick              |     5 |     1 ||     6
       Headbutt          |       |     7 ||     7
Throw: Throwing net      |     2 |       ||     2
       Dart              |       |     4 ||     4
 Cast: Beastly Appendage |     4 |     5 ||     9
       Sticks to Snakes  |     2 |     2 ||     4
  Use: Potion            |     4 |     1 ||     5
       Scroll            |     6 |     3 ||     9
 Stab: Sleeping          |     2 |     2 ||     4
  Eat: Chunk             |     2 |     8 ||    10
Armor: Robe              |    45 |    39 ||    84
Dodge: Dodged            |    93 |    96 ||   189
